Map: New Repugnancy LE

Players

TIME (Oliveira) - Winner!

  • Race: Terran Terran
  • Spawn Location: 1:00

Cham

  • Race: Zerg Zerg
  • League: Master
  • Spawn Location: 7:00

Event: 2019 WCS Winter Americas

VOD

Have the link to the VOD?

Description

Time

  • Played on: March 23, 2019, 2:52 p.m.
  • Length: 24:06

All games in this series

Show
View Real Time Build Order
Export as new Build Order

TIME Terran - Winner!

Build Orders: Reaper Expand 

Get SALT Encoding   

  12  0:00  SCV  
  13  0:12  SCV  
  14  0:18  Supply Depot  
  14  0:24  SCV  
  15  0:40  SCV  
  15  0:42  Barracks  
  16  0:44  Refinery  
  16  0:52  SCV  
  17  1:04  SCV  
  18  1:16  SCV  
  19  1:29  Reaper, Orbital Command  
  20  1:40  Command Center  
  20  1:49  Supply Depot  
  20  1:55  SCV  
  20  2:01  Marine  
  22  2:07  SCV  
  23  2:10  Factory  
  23  2:19  SCV  
  23  2:21  Barracks Reactor  
  24  2:31  SCV  
  25  2:44  SCV, Command Center  
  26  2:52  Orbital Command  
  26  2:54  Factory Tech Lab  
  26  2:56  SCV  
  27  3:03  Barracks Tech Lab  
  27  3:12  Hellion x2  
  31  3:13  SCV  
  31  3:18  SCV  
  33  3:23  Stimpack, Marine  
  33  3:25  SCV  
  35  3:31  SCV  
  35  3:34  Hellion x2  
  40  3:35  Supply Depot  
  40  3:38  SCV  
  40  3:40  Marine  
  42  3:43  SCV  
  43  3:51  SCV  
  45  3:55  SCV  
  45  3:57  Orbital Command  
  45  3:58  Marine  
  46  4:03  Barracks  
  46  4:04  Barracks  
  46  4:05  Factory Reactor  
  46  4:07  SCV  
  48  4:10  SCV  
  48  4:11  Refinery  
  48  4:16  Orbital Command, Marine  
  49  4:19  SCV  
  49  4:21  Engineering Bay  
  49  4:22  SCV, Engineering Bay  
  51  4:31  SCV  
  51  4:32  Refinery  
  51  4:34  SCV, Marine  
  54  4:43  SCV  
  54  4:45  SCV, Supply Depot  
  56  4:48  Terran Infantry Weapons Level 1  
  56  4:49  SCV  
  56  4:50  Starport  
  56  4:51  Refinery  
  56  4:52  Marine x3  
  60  4:56  Factory Tech Lab  
  60  4:57  SCV x2  
  62  5:01  SCV  
  62  5:04  Supply Depot  
  62  5:05  Terran Infantry Armor Level 1, Marine  
  64  5:09  SCV x2, Supply Depot, Marine x2  
  64  5:11  Marine  
  64  5:12  Marine  
  70  5:14  SCV  
  70  5:18  Siege Tank  
  74  5:22  SCV  
  74  5:24  SCV  
  74  5:27  SCV, Marine, Supply Depot  
  78  5:29  Starport Reactor  
  78  5:32  Marine x3  
  78  5:33  Supply Depot  
  78  5:35  Combat Shield  
  81  5:36  Marine  
  81  5:38  SCV x2  
  81  5:40  SCV  
  85  5:45  Marine  
  86  5:50  SCV x2, Supply Depot  
  86  5:51  Siege Tank  
  86  5:52  SCV, Marine  
  86  5:54  Marine  
  86  5:55  Marine  
  86  5:56  Marine  
  86  5:57  Supply Depot  
  96  6:02  SCV  
  97  6:05  Medivac x2  
  97  6:07  Marine  
  97  6:09  SCV x2  
  104  6:11  Marine  
  104  6:13  Supply Depot  
  104  6:16  Marine  
  106  6:18  SCV  
  106  6:19  Supply Depot  
  106  6:21  SCV, Barracks  
  106  6:23  Barracks  
  106  6:24  Armory  
  106  6:25  SCV, Marine  
  110  6:28  Siege Tank  
  110  6:32  Marine x2  
  115  6:33  Refinery  
  115  6:34  Refinery, Marine  
  115  6:37  SCV  
  115  6:38  Supply Depot  
  115  6:39  Marine  
  118  6:42  Medivac x2  
  118  6:43  SCV  
  118  6:44  SCV  
  124  6:48  Marine  
  124  6:50  Marine  
  124  6:51  SCV, Supply Depot  
  127  6:55  SCV  
  127  6:58  SCV, Marine  
  116  7:03  SCV  
  101  7:12  Marine x3  
  101  7:13  Barracks Reactor x2  
  101  7:14  Siege Tank  
  101  7:15  Medivac x2  
  108  7:16  SCV  
  108  7:18  Marine  
  108  7:21  Terran Infantry Weapons Level 2  
  108  7:22  Command Center  
  110  7:24  Marine  
  110  7:28  SCV  
  110  7:29  Marine  
  111  7:31  Marine  
  111  7:33  Barracks  
  111  7:34  Marine, Barracks  
  111  7:35  Barracks  
  111  7:36  Sensor Tower, Marine  
  115  7:40  Terran Infantry Armor Level 2  
  115  7:41  Marine  
  115  7:43  SCV  
  118  7:44  SCV  
  118  7:48  Factory  
  118  7:50  Drilling Claws  
  118  7:52  Marine, Widow Mine  
  118  7:53  Marine x4  
  118  7:57  Marine  
  118  7:58  Marine x2  
  127  8:01  Marine  
  129  8:08  SCV  
  129  8:10  Terran Vehicle And Ship Armor Level 1, Marine x2  
  129  8:11  Marine x2  
  134  8:16  Medivac x2  
  134  8:18  Widow Mine  
  140  8:25  Barracks Tech Lab x3  
  140  8:26  Marine x2  
  142  8:31  Marine x2  
  144  8:35  Marine x4  
  144  8:39  Marauder  
  144  8:40  Factory Reactor  
  150  8:44  Marine x2, Supply Depot  
  150  8:45  Liberator x2, Supply Depot x2  
  150  8:46  Marine  
  152  8:49  SCV, Widow Mine  
  152  8:52  Missile Turret, Marine  
  152  8:53  Marauder x2, Marine  
  152  8:54  Concussive Shells  
  160  9:05  Planetary Fortress  
  160  9:06  Marine  
  160  9:07  Marauder x2, Marine x3  
  160  9:08  Marine  
  175  9:10  SCV  
  175  9:11  SCV  
  175  9:13  SCV  
  178  9:18  Marine x2  
  178  9:20  Marauder x2  
  184  9:30  Command Center  
  184  9:32  Marauder, Marine  
  184  9:33  Marine  
  184  9:34  Marauder  
  184  9:35  Widow Mine  
  184  9:36  Marine  
  193  9:39  Terran Infantry Weapons Level 3  
  193  9:46  Widow Mine  
  193  9:49  Marauder x2  
  182  9:54  Marauder  
  182  9:56  Medivac  
  182  9:58  Medivac  
  181  10:01  Marauder  
  183  10:11  Marauder x2  
  183  10:12  Refinery x2  
  183  10:13  Starport  
  187  10:14  Marine  
  187  10:15  Starport, Marine  
  187  10:16  Widow Mine x3  
  195  10:26  Terran Infantry Armor Level 3  
  195  10:33  Medivac  
  195  10:34  Command Center  
  188  10:36  Marauder x2  
  188  10:37  Widow Mine  
  192  10:48  Terran Vehicle And Ship Armor Level 2  
  192  10:55  Liberator  
  177  11:14  Starport Reactor, Widow Mine x2  
  177  11:15  Starport Tech Lab  
  182  11:22  Marauder x2  
  182  11:23  Marine  
  182  11:24  Marauder  
  184  11:27  Marine  
  178  11:34  Widow Mine  
  177  11:40  Fusion Core  
  177  11:43  Marauder, Liberator x3  
  177  11:44  Liberator  
  177  11:46  Ghost Academy  
  177  11:48  Liberator  
  177  11:49  Orbital Command  
  177  11:52  Marauder x2  
  181  11:54  Sensor Tower  
  181  11:58  Widow Mine  
  181  11:59  Command Center x2, Widow Mine  
  194  12:15  Planetary Fortress  
  190  12:19  Missile Turret  
  190  12:21  Missile Turret  
  188  12:26  Missile Turret, Advanced Ballistics, Liberator x2  
  188  12:30  Missile Turret x2  
  188  12:33  Liberator x2, Refinery x2  
  188  12:41  Marauder, Marine x3  
  188  12:42  Marauder  
  160  12:46  Marine x2  
  160  12:47  Marauder, Widow Mine  
  160  12:48  Marine, Widow Mine  
  160  12:49  Marauder, Marine  
  163  12:51  Marine  
  163  12:57  Missile Turret x2  
  164  12:59  Marine x2  
  164  13:03  Marauder, SCV  
  169  13:07  Liberator  
  169  13:09  Marauder x2, Liberator, Marine x4  
  169  13:10  Widow Mine x2  
  169  13:11  Widow Mine  
  183  13:15  Marine x2  
  183  13:16  Marauder  
  187  13:25  Marauder, Command Center  
  187  13:26  Marine  
  187  13:27  Marine  
  196  13:30  Marauder  
  196  13:32  Marine  
  200  13:38  Marine  
  199  13:45  Terran Vehicle And Ship Armor Level 3  
  199  13:57  Marine  
  191  14:11  Marauder, Ghost, Marine x3  
  191  14:14  Ghost  
  200  14:18  Liberator x3  
  200  14:29  Marine  
  200  14:30  Marauder, Marine  
  174  14:34  Ghost  
  174  14:35  Marine  
  174  14:36  Marine  
  169  14:40  Ghost  
  169  14:43  Ghost, Marine  
  169  14:45  Widow Mine x2  
  166  14:46  Viking x2  
  166  14:47  Marine  
  166  14:51  Ghost, Marine  
  169  14:53  Missile Turret, Marine  
  169  14:54  Marine x3  
  169  14:55  Widow Mine  
  169  14:59  Armory  
  163  15:01  Personal Cloaking  
  163  15:02  Marine  
  163  15:03  Marine  
  163  15:04  Marauder, Marine  
  163  15:06  Widow Mine  
  162  15:08  Widow Mine  
  162  15:12  Ghost  
  162  15:14  Marine x6  
  167  15:16  Viking, Widow Mine  
  167  15:20  Missile Turret  
  176  15:23  Missile Turret  
  176  15:24  Marine  
  177  15:35  Liberator x2  
  177  15:36  Liberator x3  
  177  15:37  Ghost x2  
  178  15:46  Marine x2  
  180  15:51  Ghost  
  180  15:52  Ghost  
  180  15:56  Marine  
  200  15:58  Planetary Fortress  
  200  16:01  Sensor Tower  
  200  16:02  Terran Ship Weapons Level 1  
  198  16:18  Missile Turret  
  198  16:20  Missile Turret  
  198  16:21  Missile Turret, Marine x2  
  198  16:22  Missile Turret  
  193  16:26  Marine x2  
  193  16:27  Marauder, Widow Mine  
  193  16:31  Marauder, Marine x2  
  160  16:44  Ghost x2  
  160  16:46  Marine x4  
  148  16:50  Marine x3  
  148  16:51  Widow Mine x2  
  148  16:52  Marine  
  148  17:03  Marine x2  
  148  17:04  Widow Mine, Marine  
  141  17:09  SCV  
  141  17:10  SCV x3  
  141  17:12  Orbital Command  
  141  17:14  Marine  
  144  17:16  Marauder x3  
  144  17:17  SCV x2  
  144  17:19  Marine x2  
  144  17:20  Widow Mine  
  154  17:24  Marine  
  154  17:28  Marine  
  156  17:30  Liberator  
  156  17:35  Sensor Tower  
  156  17:36  Medivac x2  
  160  17:37  Widow Mine  
  160  17:38  Marine  
  160  17:40  Marauder  
  160  17:43  Missile Turret  
  160  17:44  Marauder, Missile Turret x2  
  167  17:49  Widow Mine x2  
  167  17:50  Marauder  
  176  17:51  Marine  
  176  17:55  Marauder  
  176  17:57  Medivac  
  176  17:58  Medivac, Liberator  
  181  17:59  Marine  
  181  18:02  Marauder, Widow Mine  
  181  18:03  Liberator  
  188  18:09  Marauder, Marine  
  194  18:23  Missile Turret, Marine  
  194  18:24  Marine  
  199  18:27  Missile Turret  
  199  18:31  Missile Turret x2  
  199  18:38  Marine  
  198  18:41  Widow Mine  
  198  18:43  Marauder  
  198  18:47  Nuke  
  198  18:48  Orbital Command  
  199  18:49  Neosteel Armor, Hi-Sec Auto Tracking  
  199  18:50  Terran Ship Weapons Level 2  
  199  18:52  Marine  
  188  19:00  Marine  
  188  19:01  Marauder, Marine  
  191  19:05  Marauder, Marine x3  
  191  19:06  Marauder  
  198  19:16  Marine x2  
  200  19:17  Command Center  
  200  19:33  Liberator  
  199  19:47  Marine x2  
  199  19:48  Marauder  
  200  19:54  Marine x2  
  200  19:55  Marauder  
  198  20:04  Nuke  
  198  20:06  Ghost Academy  
  198  20:07  Ghost Academy x2  
  198  20:10  Marine x2  
  198  20:11  Marauder  
  198  20:13  Liberator x4  
  145  20:26  Liberator, Marine  
  145  20:27  Marauder  
  123  20:28  Marine x4  
  123  20:29  Marauder x2, Marine x2  
  123  20:30  Widow Mine x3  
  123  20:32  Marauder  
  153  20:38  Marine  
  154  20:44  Marine  
  154  20:46  Marine  
  154  20:49  Marauder  
  158  20:50  Marauder x2, Marine x2  
  158  20:51  Widow Mine  
  158  20:53  Marauder  
  158  20:56  Widow Mine  
  158  20:57  Widow Mine, Marine x2  
  174  21:10  Marauder, Marine  
  170  21:11  Ghost  
  170  21:12  Marauder, Marine x3  
  170  21:13  Medivac x3  
  170  21:14  Planetary Fortress, Ghost  
  185  21:21  Marine  
  184  21:26  Medivac  
  184  21:28  Liberator x3  
  184  21:30  Ghost  
  184  21:34  Missile Turret  
  184  21:35  Missile Turret  
  184  21:37  Nuke x3, Missile Turret  
  184  21:38  Ghost  
  184  21:39  Marine x2  
  185  21:40  Ghost  
  185  21:46  Marine x6  
Show
View Real Time Build Order
Export as new Build Order

Cham Zerg 

Build Orders: Hatch First 

Get SALT Encoding   

  12  0:00  Drone  
  13  0:09  Drone  
  14  0:17  Overlord  
  14  0:35  Drone x2  
  16  0:48  Hatchery  
  15  0:52  Drone  
  15  0:56  Drone  
  17  1:02  Drone  
  18  1:13  Extractor  
  18  1:15  Spawning Pool  
  18  1:17  Drone  
  17  1:20  Drone  
  18  1:31  Drone  
  19  1:43  Drone  
  20  1:50  Overlord  
  20  2:02  Queen x2  
  20  2:03  Zergling x4  
  26  2:12  Metabolic Boost  
  26  2:16  Drone x2  
  28  2:23  Drone x2  
  30  2:35  Overlord  
  30  2:36  Drone  
  31  2:40  Queen  
  31  2:42  Queen  
  35  2:46  Drone  
  35  2:51  Overlord  
  36  2:57  Drone x2  
  38  3:11  Hatchery  
  37  3:15  Drone  
  37  3:16  Drone x2  
  37  3:18  Drone  
  37  3:19  Drone  
  42  3:24  Drone x3  
  42  3:25  Drone  
  46  3:28  Drone  
  47  3:35  Overlord  
  47  3:36  Drone  
  47  3:38  Queen  
  50  3:44  Overlord  
  50  3:47  Zergling x2  
  51  3:49  Zergling x2  
  51  3:51  Overlord  
  52  3:56  Zergling x2  
  52  3:57  Zergling x6  
  52  4:02  Drone x2  
  58  4:10  Drone  
  58  4:11  Drone  
  58  4:15  Queen  
  62  4:21  Drone x2  
  62  4:23  Drone x2  
  66  4:25  Drone x2  
  66  4:26  Lair  
  66  4:28  Baneling Nest  
  66  4:30  Drone  
  66  4:31  Extractor  
  67  4:34  Drone  
  67  4:35  Drone  
  69  4:42  Overlord  
  69  4:45  Drone  
  69  4:46  Drone x2  
  69  4:47  Drone  
  69  4:51  Drone  
  74  4:54  Overlord  
  74  4:55  Overlord  
  74  5:00  Hatchery, Drone  
  74  5:01  Overlord, Drone  
  74  5:02  Drone  
  74  5:04  Overlord  
  76  5:07  Extractor  
  76  5:09  Extractor  
  76  5:13  Drone x5  
  79  5:16  Extractor, Burrow  
  79  5:18  Evolution Chamber, Drone  
  79  5:19  Evolution Chamber  
  79  5:20  Overlord  
  77  5:25  Overlord  
  77  5:27  Overlord  
  77  5:33  Overlord  
  77  5:34  Drone x4  
  77  5:35  Drone x2  
  83  5:40  Drone x2  
  83  5:41  Centrifical Hooks  
  85  5:43  Overlord  
  85  5:48  Baneling x5  
  85  5:49  Overlord  
  85  5:51  Drone  
  85  5:52  Drone x2  
  85  5:55  Zergling x2  
  85  5:57  Baneling, Zergling x2  
  90  5:58  Baneling x4  
  90  6:01  Zergling x2  
  91  6:05  Overlord  
  91  6:09  Zergling x10  
  96  6:12  Overlord  
  96  6:13  Zergling x4  
  96  6:16  Zergling x4  
  96  6:18  Zergling x4  
  102  6:22  Overlord, Zergling x4  
  102  6:23  Zergling x2  
  105  6:27  Overlord  
  105  6:29  Zerg Melee Weapons Level 1, Zerg Ground Armor Level 1  
  105  6:35  Drone x2  
  105  6:36  Baneling x3, Zergling x2  
  105  6:39  Zergling x2  
  109  6:43  Zergling x4  
  109  6:45  Baneling x2  
  109  6:46  Zergling x2  
  112  6:49  Baneling x2, Drone  
  112  6:51  Spore Crawler x2  
  112  6:52  Hatchery  
  112  6:53  Zergling x2  
  112  6:54  Spore Crawler  
  110  6:55  Zergling x4  
  110  7:01  Zergling x10  
  104  7:14  Drone x8  
  104  7:15  Drone x3  
  110  7:17  Baneling x4  
  110  7:23  Infestation Pit, Drone x3  
  110  7:25  Baneling x3  
  112  7:30  Overlord, Zergling x4  
  112  7:32  Zergling x4  
  112  7:33  Overlord  
  116  7:39  Baneling x4  
  116  7:40  Zergling x4  
  118  7:46  Overlord, Extractor, Zergling x4  
  118  7:47  Spore Crawler  
  118  7:48  Zergling x4  
  118  7:50  Baneling x2  
  120  7:52  Overlord  
  120  7:53  Zergling x4  
  120  7:54  Baneling  
  120  7:55  Baneling x2  
  122  7:59  Zergling x22  
  133  8:06  Zergling x4  
  133  8:09  Overlord  
  133  8:10  Zergling x4  
  133  8:11  Hive  
  137  8:16  Overlord  
  137  8:18  Zergling x2  
  137  8:19  Zergling x8  
  142  8:26  Overlord, Zergling x6  
  142  8:27  Zergling x8  
  146  8:28  Zerg Ground Armor Level 2, Zerg Melee Weapons Level 2  
  146  8:33  Zergling x6  
  149  8:34  Zergling x2  
  149  8:39  Zergling x6  
  153  8:43  Overlord, Zergling x6  
  153  8:45  Zergling x2  
  153  8:48  Zergling x4  
  158  8:50  Overlord  
  158  8:53  Zergling x2  
  158  8:54  Baneling x4  
  159  9:00  Zergling x16  
  159  9:02  Zergling x2  
  167  9:06  Zergling x6  
  167  9:09  Overlord  
  170  9:10  Zergling x2  
  170  9:11  Zergling x2  
  170  9:12  Zergling x8  
  170  9:14  Overlord  
  170  9:16  Zergling x2  
  176  9:20  Zergling x2  
  176  9:23  Adrenal Glands  
  177  9:26  Drone x2  
  177  9:27  Ultralisk Cavern, Spire  
  177  9:30  Extractor, Drone  
  177  9:31  Drone x2  
  179  9:32  Drone x4  
  179  9:34  Zergling x4  
  179  9:36  Zergling x4  
  179  9:37  Hatchery, Zergling x2  
  187  9:39  Zergling x4  
  187  9:40  Zergling x2  
  187  9:41  Zergling x2  
  187  9:42  Zergling x2  
  192  9:45  Zergling x2  
  192  9:46  Zergling x6  
  192  9:52  Zergling x10  
  191  9:53  Zergling x4  
  191  9:54  Baneling x4  
  191  9:58  Baneling x5  
  191  9:59  Baneling x2  
  190  10:00  Baneling x3  
  190  10:01  Zergling x2  
  190  10:03  Zergling x6  
  190  10:04  Zergling x2  
  190  10:05  Zergling x4  
  197  10:15  Chitinous Plating  
  193  10:22  Ultralisk  
  193  10:23  Baneling  
  193  10:24  Baneling  
  193  10:25  Overseer  
  188  10:38  Ultralisk x2  
  198  10:45  Zerg Flyer Weapons Level 1, Corruptor x2  
  198  10:46  Zerg Melee Weapons Level 3  
  198  10:48  Baneling x2  
  195  10:52  Drone x6  
  191  11:01  Drone x3  
  191  11:02  Drone x3  
  185  11:13  Zergling x2  
  185  11:14  Zergling x10  
  174  11:19  Drone x4  
  174  11:20  Drone  
  177  11:25  Drone  
  177  11:26  Drone x2  
  176  11:34  Anabolic Synthesis  
  176  11:35  Baneling x2  
  175  11:41  Ultralisk x2  
  175  11:46  Drone x3  
  175  11:47  Drone x3  
  192  11:57  Corruptor  
  192  11:58  Corruptor x2  
  196  12:03  Drone x3  
  199  12:13  Baneling x16  
  194  12:17  Drone  
  195  12:25  Corruptor x2  
  195  12:28  Baneling  
  197  12:30  Hatchery, Baneling x8  
  197  12:31  Zergling x4  
  197  12:32  Zergling x2  
  152  12:49  Baneling x2  
  152  12:50  Ultralisk x2, Zergling x2  
  152  12:51  Baneling x2, Zergling x22  
  163  12:54  Corruptor  
  163  12:57  Drone x4  
  169  12:59  Zergling x4  
  169  13:05  Corruptor x2  
  171  13:07  Corruptor  
  171  13:09  Drone x3  
  171  13:12  Zergling x2  
  181  13:18  Corruptor  
  183  13:27  Extractor x2, Drone x3  
  182  13:28  Spore Crawler, Drone x3  
  182  13:30  Spine Crawler  
  182  13:32  Corruptor x2  
  189  13:35  Corruptor  
  190  13:42  Extractor  
  190  13:43  Drone x3  
  192  13:52  Corruptor x3  
  198  14:06  Baneling x4  
  197  14:14  Corruptor x3  
  197  14:15  Hatchery, Corruptor  
  199  14:20  Overseer x2  
  161  14:34  Ultralisk x2, Zergling x20  
  161  14:35  Zergling x24  
  161  14:36  Zergling x2  
  178  14:42  Zergling x6  
  177  14:48  Ultralisk  
  177  14:49  Zergling x2  
  177  14:50  Zergling x2  
  177  14:52  Zergling x6  
  188  14:59  Hatchery  
  185  15:05  Ultralisk  
  188  15:11  Zerg Flyer Armor Level 1  
  188  15:20  Ultralisk  
  190  15:26  Ultralisk  
  194  15:34  Ultralisk  
  189  15:45  Ultralisk, Zergling x4  
  189  15:47  Baneling  
  189  15:48  Baneling x15  
  189  15:49  Zergling x4  
  198  16:01  Zergling x2  
  199  16:16  Zergling x2  
  199  16:23  Hatchery  
  165  16:34  Corruptor x5  
  165  16:35  Zergling x2, Corruptor x4  
  165  16:36  Zergling x16  
  186  16:43  Baneling x4  
  150  16:54  Ultralisk x2  
  150  16:55  Zergling x4  
  144  17:07  Hatchery  
  141  17:11  Ultralisk  
  141  17:12  Zergling x4  
  141  17:13  Zergling x2  
  150  17:20  Baneling  
  150  17:21  Baneling  
  150  17:23  Zergling x12  
  150  17:24  Zergling x2  
  150  17:27  Zergling x4  
  150  17:29  Zergling x4  
  161  17:31  Zergling x2  
  161  17:33  Zergling x2  
  161  17:34  Zergling x2  
  164  17:38  Zergling x4  
  164  17:39  Zergling x2  
  167  17:44  Overseer  
  166  18:01  Greater Spire  
  166  18:07  Hatchery  
  166  18:11  Zergling x2, Drone  
  166  18:12  Zergling x10, Drone  
  172  18:13  Zergling x10  
  172  18:16  Drone x2  
  179  18:23  Baneling x10  
  177  18:45  Viper x3  
  177  18:46  Viper  
  177  18:47  Corruptor x3  
  194  18:54  Zergling x2  
  194  18:55  Zergling x10  
  198  19:04  Extractor  
  198  19:06  Extractor  
  198  19:09  Zergling x6  
  199  19:10  Zergling x2  
  199  19:26  Baneling  
  199  19:28  Hatchery  
  194  20:03  Corruptor x3  
  194  20:04  Zergling x2  
  200  20:13  Overseer  
  159  20:26  Ultralisk x4  
  159  20:27  Zergling x12  
  165  20:38  Zergling x10  
  169  20:45  Baneling x4  
  168  20:56  Hatchery  
  157  21:07  Zergling x2  
  157  21:08  Zergling x6  
  150  21:15  Zergling x4  
  151  21:22  Zergling x4  
  151  21:23  Zergling x4  
  155  21:30  Baneling x6  
  153  21:41  Infestor x2  
Tags
 
Add a new tag
Caveats
  • Supply blocks, unpowered buildings, or Contaminate may cause inaccurate times.
  • Supply counts are checked every 10 seconds.